 Dungeon Sprint DCSS version 0.22.1-1-ga44c0e56f4 (webtiles) character file.

168 MuseOD the Covert (level 5, -4/29 HPs)
             Began as a Spriggan Enchanter on Sept 26, 2018.
             Was an Initiate of Dithmenos.
             Slain by a fire dragon (17 damage)
             ... in the Dungeon (Sprint II: "The Violet Keep of Menkaure").
             The game lasted 00:00:56 (116 turns).

MuseOD the Covert (Spriggan Enchanter)               Turns: 116, Time: 00:00:56

Health: -4/29      AC:  2    Str:  4    XL:     5   Next: 23%
Magic:  9/12       EV: 18    Int: 18    God:    Dithmenos [......]
Gold:   243        SH:  0    Dex: 16    Spells: 6/12 levels left

rFire    . . .     SeeInvis +   a - +1 dagger
rCold    . . .     Gourm    .   (shield restricted)
rNeg     . . .     Faith    .   b - +0 robe
rPois    .         Spirit   .   (helmet restricted)
rElec    .         Reflect  .   (no cloak)
rCorr    .         Harm     .   (gloves unavailable)
MR       .....     NoTele   +   (boots unavailable)
Stlth    ++++......             (no amulet)
HPRegen  0.09/turn              (no ring)
MPRegen  0.13/turn              (no ring)

@: very quick
A: very small, unfitting armour, see invisible, herbivore, speed 3, slow
metabolism 2
a: Renounce Religion


You were in the Dungeon.
You worshipped Dithmenos.
Dithmenos was noncommittal.
You were not hungry.

You visited 1 branch You collected 243 gold pieces.

Inventory:

Hand Weapons
 a - a +1 dagger (weapon)
Armour
 b - a +0 robe (worn)
Scrolls
 j - a scroll of blinking
Potions
 e - a potion of curing
 f - a potion of heal wounds
 g - a potion of haste
 h - 2 potions of magic
Comestibles
 d - a ration


   Skills:
 + Level 3.9 Fighting
 * Level 7.7 Short Blades
 - Level 3.0 Dodging
 + Level 8.8 Stealth
 + Level 4.3 Spellcasting
 + Level 5.0 Hexes


You had 6 spell levels left.
You knew the following spells:

 Your Spells              Type           Power        Failure   Level  Hunger
a - Corona                Hex            ###....      1%          1    None
b - Ensorcelled Hibernat  Hex/Ice        ##....       8%          2    ##.....
c - Confuse               Hex            ###.....     5%          3    ###....

Your spell library contained the following spells:

 Spells                   Type           Power        Failure   Level  Hunger
 Tukima's Dance           Hex            ###.....     5%          3    ###....
 Dazzling Spray           Conj/Hex       ##....       16%         3    ###....


Dungeon Overview and Level Annotations

Branches:
Dungeon (1/1)

Altars:
Cheibriados
Dithmenos
Elyvilon
Fedhas
Gozag
Hepliaklqana
Kikubaaqudgha
Makhleb
Nemelex Xobeh
Okawaru
Qazlal
Ru
Sif Muna
Trog
Uskayaw
Vehumet
Wu Jian
Xom
Yredelemnul
Zin
The Shining One
Beogh
Jiyva
Lugonu

Shops:
D (*


Innate Abilities, Weirdness & Mutations

You are very small and have problems with some larger weapons.
You are too small for most types of armour.
You have supernaturally acute eyesight. (SInv)
You are a herbivore.
You cover ground extremely quickly.
You need to consume almost no food.


Message History

Press: ? - help, Shift-Dir - straight line, f - fire dragon
Aim: a fire dragon (severely wounded, chance to defeat MR: 19%)
The fire dragon appears confused.
There is an open door here.
You barely miss the fire dragon.
The fire dragon is severely wounded.
You hit the fire dragon but do no damage.
The fire dragon is severely wounded.
You hit the fire dragon but do no damage.
The fire dragon is severely wounded.
You hit the fire dragon but do no damage.
The fire dragon is severely wounded.
You catch the helpless fire dragon completely off-guard!
You impale the fire dragon!!
The fire dragon is almost dead.
You hit the fire dragon.
The fire dragon is almost dead.
The fire dragon bites you!
Ouch! That really hurt!
You die...

§§§§§ ... ≈#+++#+++## ...
≈.........# .. ≈≈.##'##..#
#. ≈≈###.###.#### +.###
≈≈#..#..#....# #...# #
##.#.####..#####..# $[$
##†## .##..#D)'..# ▓?($?)
##.##.w.#..#$@#..# ▓)$)$(
+.<.+# +..####.^### ▓)!(?)[
##.##$w.#....###...##▓▓▓▓▓▓▓
#+# .##......≈≈≈≈≈≈≈≈≈≈≈≈≈
#≈≈.....≈#'########+#
#≈≈≈≈≈≈≈..≈#....._._#≈§
#≈≈≈§≈§§≈.≈#...._._.#≈§
#≈≈§≈≈§≈≈≈≈≈#..._._._#§§
≈≈≈≈≈§≈≈≈§≈≈#.._._._.#§§


You could see a fire dragon (confused).

Vanquished Creatures
  A crocodile (D)
  4 worker ants (D)
5 creatures vanquished.

Vanquished Creatures (others)
  Menkaure (D)
  A crocodile (D)
2 creatures vanquished.

Grand Total: 7 creatures vanquished

Notes
Turn   | Place    | Note
-------+----------+-------------------------------------------
     0 | D        | MuseOD the Spriggan Enchanter began the quest for the Orb.
     0 | D        | Reached XP level 1. HP: 9/9 MP: 5/5
     1 | D        | Noticed a tyrant leech
     1 | D        | Noticed a tyrant leech
     4 | D        | Noticed a worker ant
     4 | D        | Noticed a worker ant
     4 | D        | Noticed a worker ant
     4 | D        | Noticed a worker ant
     7 | D        | Killed a worker ant
     7 | D        | Reached skill level 6 in Stealth
     7 | D        | Reached XP level 2. HP: 13/15 MP: 6/6
    10 | D        | Reached skill level 5 in Short Blades
    10 | D        | Reached XP level 3. HP: 17/19 MP: 8/8
    11 | D        | Killed a crocodile
    14 | D        | Reached skill level 7 in Stealth
    14 | D        | Reached XP level 4. HP: 23/24 MP: 9/9
    44 | D        | Killed Menkaure
    60 | D        | Learned a level 2 spell: Ensorcelled Hibernation
    64 | D        | Learned a level 3 spell: Confuse
    64 | D        | Noticed an ice statue
    66 | D        | Noticed a crocodile
    69 | D        | Found Efitiy's Antique Weapon Shoppe.
    69 | D        | Found Komudicil's General Store.
    70 | D        | Killed a crocodile
    70 | D        | Reached skill level 8 in Stealth
    70 | D        | Reached skill level 5 in Hexes
    70 | D        | Reached XP level 5. HP: 25/29 MP: 9/12
    82 | D        | Found a snail-covered altar of Cheibriados.
    83 | D        | Found a shadowy altar of Dithmenos.
    83 | D        | Found a roughly hewn altar of Beogh.
    83 | D        | Found a viscous altar of Jiyva.
    84 | D        | Found a white marble altar of Elyvilon.
    84 | D        | Found an ancient bone altar of Kikubaaqudgha.
    85 | D        | Found a blossoming altar of Fedhas.
    85 | D        | Found a corrupted altar of Lugonu.
    85 | D        | Found a deep blue altar of Sif Muna.
    86 | D        | Found an opulent altar of Gozag.
    86 | D        | Found a burning altar of Makhleb.
    86 | D        | Found a bloodstained altar of Trog.
    87 | D        | Found a sparkling altar of Nemelex Xobeh.
    87 | D        | Found a hide-covered altar of Uskayaw.
    88 | D        | Found a basalt altar of Yredelemnul.
    89 | D        | Found an iron altar of Okawaru.
    89 | D        | Found a radiant altar of Vehumet.
    89 | D        | Found a glowing silver altar of Zin.
    89 | D        | Found a hazy altar of Hepliaklqana.
    89 | D        | Found a sacrificial altar of Ru.
    89 | D        | Found a shimmering altar of Xom.
    90 | D        | Found a stormy altar of Qazlal.
    90 | D        | Found an ornate altar of the Wu Jian Council.
    90 | D        | Found a glowing golden altar of the Shining One.
    93 | D        | Noticed a crocodile
    95 | D        | Became a worshipper of Dithmenos the Shadowed
   106 | D        | Noticed a fire dragon
   116 | D        | Slain by a fire dragon

Skill      XL: |  1  2  3  4 |
---------------+-------------+-----
Fighting       | 2 3 |  3.9
Short Blades   | 4 5 6 7 |  7.7
Stealth        | 6 7 8 |  8.8
Spellcasting   | 4 |  4.3
Hexes          | 5 |  5.0
Dodging        | |  3.0

Action                   |  1- 3 |  4- 6 || total
-------------------------+-------+-------++-------
Melee: Dagger            |     9 |    15 ||    24
 Cast: Confuse           |       |     1 ||     1
  Use: Potion            |     1 |       ||     1
 Stab: Sleeping          |       |     2 ||     2
       Confused          |       |     1 ||     1
Armor: Robe              |       |     1 ||     1
Dodge: Dodged            |     2 |     3 ||     5
